 Dungeon Crawl Stone Soup version 0.28-a0-828-g0121872642 (webtiles) character file.

Game seed: 14576253862650463193

7 meatgazer the Skirmisher (level 1, -15/18 HPs)
             Began as a Demonspawn Abyssal Knight on Nov 10, 2021.
             Was a Follower of Lugonu.
             Demolished by a lorocyproca (33 damage)
             ... on level 1 of the Abyss.
             The game lasted 00:00:11 (272 turns).

meatgazer the Skirmisher (Demonspawn Abyssal Knight) Turns: 272, Time: 00:00:12

Health: -15/18     AC:  3    Str: 13    XL:     1   Next: 83%
Magic:  2/2        EV: 11    Int: 11    God:    Lugonu [*.....]
Gold:   8          SH:  0    Dex: 13    Spells: 0/0 levels left

rFire   . . .      SeeInvis .   a - +1 mace
rCold   . . .      Faith    .   (no shield)
rNeg    . . .      Spirit   .   b - +0 leather armour
rPois   .          Reflect  .   (no helmet)
rElec   .          Harm     .   (no cloak)
rCorr   .          Rampage  .   (no gloves)
Will    .....                   (no boots)
Stlth   +.........              (no amulet)
HPRegen 0.06/turn               (no ring)
MPRegen 0.08/turn               (no ring)

@: no status effects
A: no striking features
a: Renounce Religion, Depart the Abyss


You were on level 1 of the Abyss.
You worshipped Lugonu.
Lugonu was aware of your devotion.
You visited 0 branches of the dungeon, and saw 0 of its levels.
You visited the Abyss 1 time.

You collected 8 gold pieces.

Inventory:

Hand Weapons
 a - a +1 mace (weapon)
Armour
 b - a +0 leather armour (worn)


   Skills:
 + Level 3.2 Fighting
 + Level 1.9 Maces & Flails
 + Level 1.8 Armour
 + Level 0.8 Dodging
 + Level 2.5 Invocations


You couldn't memorise any spells.
You didn't know any spells.
Your spell library was empty.

Dungeon Overview and Level Annotations

Branches:
Dungeon (0/15)

Altars:


Message History

Welcome, meatgazer the Demonspawn Abyssal Knight.
Will you prevail where others failed? Will you find the Orb of Zot?
Lugonu says: Depart the Abyss and spread corruption, my servant! (use the ability menu to exit the Abyss) Press ? for a list of commands and other information.
Found a corrupted altar of Lugonu.
c - a white potion A white imp comes into view.
The white imp shouts, "Go and return not, thou pecksniffian boil-brained joithead!"
It was a potion of might.
You feel very mighty all of a sudden. The white imp gestures at you.
The puff of frost hits you!
You hit the white imp.
The white imp is severely wounded.
The white imp hits you but does no damage.
You sock the white imp!
You kill the white imp!
You start resting.
You are suddenly pulled into a different region of the Abyss!
You feel a little less mighty now.
HP restored.
Found a corrupted altar of Lugonu.
Found 9 stones.
You now have 8 gold pieces.
You hear a chilling moan.
Something hits you!!
Ouch! That really hurt!
You die...

....#..#...........
.###...##..#.... #.# .
..#..#(. .#.##.. ..#.
#..#.##..#...##..#.#..
#..#.#..## .#.... #
##.#....## ..##..#
#........##....#.##
#.##.#..### . ..#. ##
##@.#..#......#....
#..##.######. #. #.
#.##### ##. #. ### ..
. # ##.. # ... ##.. #
###. .# .....


There were no monsters in sight!

Vanquished Creatures
  A white imp (Abyss:1)
1 creature vanquished.

Notes
Turn   | Place    | Note
-------+----------+-------------------------------------------
     0 | Abyss:1  | meatgazer the Demonspawn Abyssal Knight began the quest for
                  | the Orb.
     0 | Abyss:1  | Reached XP level 1. HP: 18/18 MP: 2/2
    36 | Abyss:1  | Found a corrupted altar of Lugonu.
    50 | Abyss:1  | Found a corrupted altar of Lugonu.
   211 | Abyss:1  | Found a corrupted altar of Lugonu.
   272 | Abyss:1  | Demolished by a lorocyproca

Illustrated notes

Levels and vault maps discovered:
Abyss:1:  base: Temple, base: Temple, gammafunk_corrupted_shrine

Action                   || total
-------------------------++-------
Melee: Mace              ||     2
  Use: Potion            ||     1
Armor: Leather armour    ||     1

Table legend: (Time is in decaauts)
 A = Elapsed time spent in this place.
 B = Non-inter-level travel time spent in this place.
 C = Inter-level travel time spent in this place.
 D = Time resting spent in this place.
 E = Time spent auto-exploring this place.
 F = Levels seen in this place.
 G = Mean time per level.
                   A        B        C        D        E       F      G
               +--------+--------+--------+--------+--------+-----+--------+
         Total |    272 |    272 |      0 |     49 |    212 |   1 |  272.0 |
         Abyss |    272 |    272 |      0 |     49 |    212 |   1 |  272.0 |
               +--------+--------+--------+--------+--------+-----+--------+

Top non-repeatable levels by time:
 Abyss:1: 272 daAuts
